AoeStats
← Dragon

Oasis

508113278Analyzed
3v3 RM · 11d ago on Sep 20, 2026· 29m 31s· 6 players
Game mode
Random Map
Map size
Normal (6 player)
Population
200
Speed
Normal
Resources
Standard
Victory
Conquest
Starting age
Dark Age
Ending age
Imperial Age
RankedLock teamsTeams togetherTeam positionsShared explorationLock speedFull tech treeHidden civsTurbo modeCheats
Victory
Defeat
🇺🇸 Khitans · United States
1358
+9
🇩🇪 Saracens · Germany
1294
+11
🇵🇹 Poles · Portugal
1253
+14
🇺🇸 Saracens · United States
1209
-12
🇵🇪 Ethiopians · Peru
1184
-11
🇵🇪 Persians · Peru
1182
-11
ShawnKnight
6:19 Loom
9:38 Feudal Age
10:15 Double-Bit Axe
17:06 Forging
18:19 Scale Barding Armor
23:40 Castle Age
22:21 Fletching
24:24 Husbandry
27:41 Bodkin Arrow
29:27 Ballistics
Dragon
5:50 Loom
10:41 Feudal Age
17:13 Castle Age
15:53 Double-Bit Axe
darkdavixi
7:46 Loom
10:12 Feudal Age
11:50 Double-Bit Axe
14:41 Horse Collar
16:33 Scale Mail Armor
16:45 Forging
22:41 Castle Age
22:28 Gold Mining
23:35 Bloodlines
23:28 Husbandry
23:47 Scale Barding Armor
24:13 Bow Saw
28:01 Chain Barding Armor
28:19 Iron Casting
Mi Noni
5:15 Loom
10:29 Feudal Age
11:20 Double-Bit Axe
13:49 Horse Collar
16:59 Fletching
19:40 Wheelbarrow
22:46 Castle Age
21:15 Padded Archer Armor
23:38 Crossbowman
24:14 Bodkin Arrow
24:39 Thumb Ring
24:53 Gold Mining
25:31 Bow Saw
25:46 Ballistics
27:40 Leather Archer Armor
28:06 Gold Shaft Mining
28:55 Hand Cart
28:27 Town Watch
Mr. Darko
10:04 Feudal Age
9:03 Loom
11:32 Horse Collar
12:44 Bloodlines
12:57 Bloodlines
13:59 Scale Barding Armor
20:59 Castle Age
22:29 Chain Barding Armor
22:15 Husbandry
25:18 Heavy Plow
25:26 Double-Bit Axe
26:05 Forging
26:44 Wheelbarrow
Vaca Lola
0:48 Loom
12:10 Feudal Age
14:59 Double-Bit Axe
20:24 Fletching
20:35 Padded Archer Armor
26:57 Forging
26:47 Scale Mail Armor
Connection lost

Rejoining the realm…

Still unreachable

The connection could not be restored.

Session expired

The server has moved on; the page needs a fresh start.